 Dungeon Crawl Stone Soup version 0.31-a0-691-g409c26aa35 (webtiles) character file.

Game seed: 4922948466871624861

3544 cforsyth the Fighter (level 10, -2/64 HPs)
             Began as a Djinni Chaos Knight on Sept 7, 2023.
             Was a Follower of Hepliaklqana.
             Slain by a yak (12 damage)
             ... on level 9 of the Dungeon.
             The game lasted 00:17:25 (10893 turns).

cforsyth the Fighter (Djinni Chaos Knight)         Turns: 10893, Time: 00:17:25

Health: -2/64      AC:  7    Str: 11      XL:     10   Next: 30%
Gold:   360        EV: 12    Int: 18      God:    Hepliaklqana [*.....] SH:  5 Dex: 12 (13)

rFire   + + .        E - +3 spear (freeze)
rCold   x . .        (no shield)
rNeg    . . .        b - +2 leather armour
rPois   ∞            (helmet restricted)
rElec   .            (no cloak)
rCorr   +            o - +1 pair of gloves
SInv    .            (boots unavailable)
Will    ++...        e - amulet of reflection
Stlth   +            t - ring of wizardry
HPRegen 0.30/turn    x - ring of resist corrosion
MPRegen 0.00/turn

%: reflection, clarity, wizardry (x1), infuse magic (-3 HP)
@: flying
A: reduced essence, sickness immunity, fire resistance 2, cold vulnerability 1,
float, innate caster, HP casting, extra vitality 1, horns 1, clarity, frail 1,
strong-willed 1, wild magic 1
a: Renounce Religion, Recall Ancestor, Ancestor Identity


You were on level 9 of the Dungeon.
You worshipped Hepliaklqana.
Hepliaklqana was aware of your devotion.
You visited 2 branches of the dungeon, and saw 10 of its levels.

You collected 360 gold pieces.

Inventory:

Hand Weapons
 a - a +0 falchion of chaos
 n - a +2 spear of venom
 s - a +3 scimitar of holy wrath
 E - a +3 spear of freezing (weapon)
Missiles
 B - a throwing net
Armour
 b - a +2 leather armour (worn)
 i - a +0 helmet
 o - a +1 pair of gloves (worn)
Jewellery
 e - an amulet of reflection (around neck)
 t - a ring of wizardry (left hand)
 x - a ring of resist corrosion (right hand)
Wands
 C - a wand of paralysis (6)
 D - a wand of quicksilver (15)
Scrolls
 c - 3 scrolls of noise {unknown}
 d - 2 scrolls of vulnerability {unknown}
 h - a scroll of teleportation {unknown}
 j - a scroll of fear {unknown}
 l - 2 scrolls of poison {unknown}
 m - 3 scrolls of fog {unknown}
 p - a scroll of immolation {unknown}
 r - 6 scrolls of identify {unknown}
 y - a scroll of revelation {unknown}
Potions
 f - a potion of resistance {unknown}
 g - 2 potions of lignification {unknown}
 k - 2 potions of cancellation {unknown}
 q - a potion of attraction {unknown}
 u - 5 potions of enlightenment {unknown}
 v - 3 potions of curing
 w - 4 potions of haste
 z - a potion of brilliance {unknown}
 A - 2 potions of mutation {unknown}


   Skills:
 + Level 10.2 Fighting
 - Level 3.3 Long Blades
 - Level 2.3 Armour
 - Level 3.2 Dodging
 + Level 6.9 Spellcasting
 + Level 6.9 Conjurations
 + Level 6.9 Hexes
 + Level 6.9 Summonings
 + Level 6.9 Necromancy
 + Level 6.9 Translocations
 + Level 6.9 Transmutations
 + Level 6.9 Fire Magic
 + Level 6.9 Ice Magic
 + Level 6.9 Air Magic
 + Level 6.9 Earth Magic
 + Level 6.9 Poison Magic


You knew the following spells:

 Your Spells              Type           Power      Damage    Failure   Level
a - Apportation           Tloc           80%        N/A       1%          1
b - Ensorcelled Hibernat  Hex/Ice        80%        N/A       1%          2
c - Call Imp              Summ           80%        N/A       1%          2
d - Gell's Gravitas       Tloc           40%        N/A       1%          3
Your spell library was empty.

Dungeon Overview and Level Annotations

Branches:
Dungeon (9/15)             Temple (1/1) D:7
   Lair: D:8-11         Orc: D:9-12

Altars:
Ashenzari
Cheibriados
Dithmenos
Elyvilon
Fedhas
Gozag
Hepliaklqana
Nemelex Xobeh
Okawaru
Qazlal
Ru
Uskayaw
Wu Jian
Xom
Yredelemnul
Zin
The Shining One

Annotations:
D:3 1 runed translucent door, Crazy Yiuf, Terence
D:7 2 runed translucent doors


Innate Abilities, Weirdness & Mutations

Your life essence is reduced to manifest your ancestor. (-10% HP)
You are immune to sickness and miasma.
You are immune to poison.
Your flesh is very heat resistant. (rF++)
You are vulnerable to cold. (rC-)
You float through the air rather than walking.
You learn spells naturally, not from books.
Your magical power is your life essence.
You have superior vitality. (+4 MHP)
You have a pair of small horns on your head.
You possess an exceptional clarity of mind.
You are frail. (-10% HP)
You are strong-willed. (Will+)
Your spells are a little harder to cast, but a little more powerful.


Message History

The yak gores you!
You hit the yak. You freeze the yak. You headbutt the yak.
The yak is moderately wounded.
Ankhesenamen hits the yak.
The yak gores Ankhesenamen!!
The yak completely misses Ankhesenamen.
The yak gores Ankhesenamen.
The yak barely misses you.
You hit the yak. You freeze the yak. Your headbutt misses the yak.
The yak is severely wounded.
Ankhesenamen barely misses the yak.
The yak gores Ankhesenamen!
Ankhesenamen is destroyed!
The yak gores you but does no damage. The yak barely misses you.
You hit the yak. You freeze the yak.
The yak is severely wounded.
You block the yak's attack. The yak closely misses you.
You hit the yak but do no damage.
The yak is severely wounded.
You block the yak's attack. The yak gores you! The yak closely misses you.
The yak gores you.
You hit the yak but do no damage.
The yak is severely wounded.
The yak gores you! The yak gores you but does no damage.
The yak barely misses you.
The yak gores you but does no damage. x2
The yak misses you.
You hit the yak. You freeze the yak. Your headbutt misses the yak.
The yak is almost dead.
The yak closely misses you. The yak barely misses you. The yak gores you!
The yak barely misses you. The yak gores you!
* * * LOW HITPOINT WARNING * * *
The yak gores you.
* * * LOW HITPOINT WARNING * * *
You are too injured to fight recklessly!
You are too injured to fight recklessly!
You are too injured to fight recklessly!
You are too injured to fight recklessly!
The yak barely misses you. The yak gores you.
* * * LOW HITPOINT WARNING * * *
The yak gores you.
* * * LOW HITPOINT WARNING * * *
The yak attacks as it pursues you! The yak gores you!
You die...

.............# ......
..#..........### .......
...............#
.........
.............###
........###.............#
.........####......#.###
..........#.......##.#
#.......<......##### .
#.....@.........###
....#.YYYY............#
.........Y........#..##
........Y........#####
...##..............# .
#.......#.##...#
#.......#.##..##
..............##
#.#....#......#


You could see 6 yaks.

Vanquished Creatures
  A troll (D:9)
  A hornet (D:8)
  A wyvern (D:9)
  A steam dragon (D:8)
  2 sky beasts
  An orc warrior (D:8)
  An ice beast (D:7)
  3 black bears
  An ogre (D:7)
  A centaur (D:8)
  A kobold brigand (D:7)
  6 bullfrogs
  3 gnoll sergeants
  2 scorpions
  4 wights
  A hound (D:4)
  2 orc priests
  A jelly (D:6)
  2 sleepcaps (D:4)
  4 iguanas
  2 orc wizards
  Robin (D:2)
  14 gnolls
  5 adders
  A shadow imp (D:6)
  3 white imps
  An ufetubus (D:5)
  3 worms
  3 dart slugs
  23 orcs
  9 ball pythons
  6 bats
  5 endoplasms
  3 giant cockroaches
  15 goblins
  10 hobgoblins
  7 jackals
  9 kobolds
  3 quokkas
  A frilled lizard (D:1)
  A goblin zombie (D:5)
  5 hobgoblin zombies (D:5)
  2 kobold skeletons (D:5)
  An orc skeleton (D:5)
  6 rats
178 creatures vanquished.

Vanquished Creatures (collateral kills)
  An orc warrior (D:7)
  An ice beast (D:6)
  A bullfrog (D:7)
  A scorpion (D:7)
  An iguana (D:5)
  An orc wizard (D:9)
  2 gnolls
  A white imp (D:7)
  2 orcs (D:7)
11 creatures vanquished.

Vanquished Creatures (others)
  3 ancestors (D:9)
3 creatures vanquished.

Grand Total: 192 creatures vanquished

Notes
Turn   | Place    | Note
-------+----------+-------------------------------------------
     0 | D:1      | cforsyth the Djinni Chaos Knight began the quest for the
                  | Orb.
     0 | D:1      | Reached XP level 1. HP: 20/20 MP: 0/0
   107 | D:1      | Reached XP level 2. HP: 25/25 MP: 0/0
   500 | D:1      | Reached XP level 3. HP: 30/30 MP: 0/0
   500 | D:1      | Learned a level 1 spell: Apportation
   539 | D:1      | Found a faded altar of an unknown god.
   702 | D:2      | XOM: silly message
   783 | D:2      | XOM: cloud trail
   839 | D:2      | Noticed Robin
   841 | D:2      | XOM: potion effect (might)
   856 | D:2      | XOM: noise
   866 | D:2      | XOM: confusion (+ monsters)
   876 | D:2      | Reached XP level 4. HP: 13/35 MP: 0/0
   904 | D:2      | XOM: draining
   910 | D:2      | XOM: silly message
   974 | D:2      | XOM: 6-stop teleportation journey
  1093 | D:2      | XOM: 1-stop teleportation journey
  1133 | D:2      | XOM: enchant monster (good)
  1149 | D:2      | Killed Robin
  1453 | D:2      | XOM: divination: detect items
  1657 | D:2      | XOM: scenery: summon butterflies
  2012 | D:3      | Noticed Terence
  2031 | D:3      | XOM: potion effect (haste)
  2046 | D:3      | XOM: give mutations
  2046 | D:3      | Gained mutation: You possess an exceptional clarity of
                  | mind. [Xom's mischief]
  2046 | D:3      | Gained mutation: You have a pair of small horns on your
                  | head. [Xom's mischief]
  2046 | D:3      | Gained mutation: You are strong-willed. (Will+) [Xom's
                  | mischief]
  2046 | D:3      | Gained mutation: Your spells are a little harder to cast,
                  | but a little more powerful. [Xom's mischief]
  2092 | D:3      | XOM: 1-stop teleportation journey
  2218 | D:3      | Reached XP level 5. HP: 39/40 MP: 0/0
  2218 | D:3      | Learned a level 2 spell: Ensorcelled Hibernation
  2542 | D:3      | Found a runed translucent door.
  2543 | D:3      | Noticed Crazy Yiuf
  2665 | D:3      | XOM: give mutation
  2668 | D:3      | XOM: silly message
  2883 | D:4      | Found an ornate altar of the Wu Jian Council.
  2953 | D:4      | Noticed an ogre
  2953 | D:4      | XOM: 5-stop teleportation journey
  2970 | D:4      | XOM: scenery: summon butterflies
  2975 | D:4      | an ogre changed into a wolf
  2975 | D:4      | Noticed a wolf
  2975 | D:4      | XOM: polymorph ogre -> wolf
  2977 | D:4      | a wolf changed into an iguana
  2977 | D:4      | XOM: polymorph wolf -> iguana
  2983 | D:4      | Reached skill level 4 in Fighting
  2989 | D:4      | Reached skill level 1 in Spellcasting
  2989 | D:4      | Reached skill level 1 in Conjurations
  2989 | D:4      | Reached skill level 1 in Hexes
  2989 | D:4      | Reached skill level 1 in Summonings
  2989 | D:4      | Reached skill level 1 in Necromancy
  2989 | D:4      | Reached skill level 1 in Translocations
  2989 | D:4      | Reached skill level 1 in Transmutations
  2989 | D:4      | Reached skill level 1 in Fire Magic
  2989 | D:4      | Reached skill level 1 in Ice Magic
  2989 | D:4      | Reached skill level 1 in Air Magic
  2989 | D:4      | Reached skill level 1 in Earth Magic
  2989 | D:4      | Reached skill level 1 in Poison Magic
  3108 | D:4      | XOM: smoke on damage
  3177 | D:4      | Reached XP level 6. HP: 31/47 MP: 0/0
  3359 | D:4      | XOM: cloud trail
  3441 | D:4      | XOM: 1-stop teleportation journey
  3671 | D:4      | Reached skill level 5 in Fighting
  3671 | D:4      | Reached XP level 7. HP: 40/54 MP: 0/0
  3671 | D:4      | Learned a level 2 spell: Call Imp
  3917 | D:4      | XOM: scenery: create altars
  3993 | D:5      | Entered Level 5 of the Dungeon
  4007 | D:5      | Found a glowing golden altar of the Shining One.
  4140 | D:5      | XOM: silly message
  4234 | D:5      | Noticed a water moccasin
  4237 | D:5      | XOM: summons friendly iron imp
  4444 | D:4      | XOM is BORED!
  4444 | D:4      | XOM: noise
  4638 | D:5      | XOM: silly message
  4791 | D:6      | XOM: god gift: shiny ruby ring {god gift}
  4859 | D:6      | Reached skill level 6 in Fighting
  4887 | D:6      | XOM: confuse monster(s)
  4924 | D:6      | XOM: divination: detect creatures
  4956 | D:6      | Reached XP level 8. HP: 19/61 MP: 0/0
  5233 | D:6      | XOM: noise
  5421 | D:6      | XOM: divination: magic mapping
  5563 | D:5      | XOM: swap monsters
  5870 | D:6      | XOM: swap monsters
  5880 | D:6      | Reached skill level 7 in Fighting
  6025 | D:6      | XOM: god gift: red potion {god gift}
  6177 | D:7      | XOM: summons 8 friendly demons
  6204 | D:7      | Reached XP level 9. HP: 34/69 MP: 0/0
  6204 | D:7      | Learned a level 3 spell: Gell's Gravitas
  6309 | D:7      | XOM: divination: magic mapping
  6366 | D:7      | XOM: cast spell 'Discord'
  6469 | D:7      | Found a staircase to the Ecumenical Temple.
  6497 | D:7      | XOM: confuse monster(s)
  6498 | D:7      | Reached skill level 5 in Spellcasting
  6498 | D:7      | Reached skill level 5 in Conjurations
  6498 | D:7      | Reached skill level 5 in Hexes
  6498 | D:7      | Reached skill level 5 in Summonings
  6498 | D:7      | Reached skill level 5 in Necromancy
  6498 | D:7      | Reached skill level 5 in Translocations
  6498 | D:7      | Reached skill level 5 in Transmutations
  6498 | D:7      | Reached skill level 5 in Fire Magic
  6498 | D:7      | Reached skill level 5 in Ice Magic
  6498 | D:7      | Reached skill level 5 in Air Magic
  6498 | D:7      | Reached skill level 5 in Earth Magic
  6498 | D:7      | Reached skill level 5 in Poison Magic
  6516 | Temple   | Entered the Ecumenical Temple
  6524 | Temple   | Fell from the grace of Xom
  6524 | Temple   | Became a worshipper of Hepliaklqana the Forgotten
  6982 | Temple   | Reached skill level 8 in Fighting
  7048 | Temple   | XOM: scenery: create altars
  7267 | D:6      | XOM: give mutation
  7267 | D:6      | Gained mutation: You are frail. (-10% HP) [Xom's mischief]
  8113 | D:7      | XOM: summons 4 hostile shadow creatures
  8225 | D:7      | XOM: torment (24/63 hp)
  8314 | D:7      | XOM: torment (26/63 hp)
  8615 | D:7      | Found a large runed translucent door.
  8615 | D:7      | Found a large runed translucent door.
  8840 | D:7      | Found a sparkling altar of Nemelex Xobeh.
  8934 | D:7      | Found a white marble altar of Elyvilon.
  9138 | D:8      | Noticed a hornet
  9535 | D:8      | Reached skill level 9 in Fighting
 10140 | D:8      | Killed a hornet
 10141 | D:8      | Reached XP level 10. HP: 69/70 MP: 0/0
 10183 | D:8      | HP: 2/70 [gnoll sergeant/+0 spear (8)]
 10200 | D:8      | XOM: stat loss: -3 Dex (10/13)
 10368 | D:8      | XOM: 2-stop teleportation journey
 10564 | D:9      | Reached * piety under Hepliaklqana
 10656 | D:9      | Reached skill level 10 in Fighting
 10893 | D:9      | Slain by a yak

Illustrated notes

Levels and vault maps discovered:
D:1:      erik_arrival_triangle_small, layout_loops_cross,
          dreamdust_ecumenical_altar_statues, due_unseen_surprise
D:2:      layout_basic, reono_crystal_passage, minmay_misc_feat_alley,
          uniq_robin
D:3:      layout_basic, mainiacjoe_overflow_boulevard, minmay_ruptured,
          uniq_crazy_yiuf_cottage, uniq_terence
D:4:      layout_loops_ring, nicolae_overflow_crystal_walls
D:5:      layout_loops_ring, nicolae_tso_besieged_by_evil,
          kennysheep_cluttered_room, st_stairs_5
D:6:      layout_cave_pools, nicolae_lava_and_water
D:7:      layout_basic, nemelex_diamond_rough_becter, kennysheep_mini,
          jmf_multi_god_temple2, minmay_temple_entry_glass,
          kennysheep_generic_room_11
D:8:      layout_loops_ring
D:9:      layout_cave_pools
Temple:   nicolae_temple_bog_church

Skill      XL: |  1  2  3  4  5  6  7  8  9 10 |
---------------+-------------------------------+-----
Long Blades    | 3 |  3.3
Armour         | 2 |  2.3
Dodging        | 3 |  3.2
Fighting       | 4 5 6 7 9 10 | 10.2
Spellcasting   | 1 2 3 4 6 |  6.9
Conjurations   | 1 2 3 4 6 |  6.9
Hexes          | 1 2 3 4 6 |  6.9
Summonings     | 1 2 3 4 6 |  6.9
Necromancy     | 1 2 3 4 6 |  6.9
Translocations | 1 2 3 4 6 |  6.9
Transmutations | 1 2 3 4 6 |  6.9
Fire Magic     | 1 2 3 4 6 |  6.9
Ice Magic      | 1 2 3 4 6 |  6.9
Air Magic      | 1 2 3 4 6 |  6.9
Earth Magic    | 1 2 3 4 6 |  6.9
Poison Magic   | 1 2 3 4 6 |  6.9

Action                     |  1- 3 |  4- 6 |  7- 9 | 10-12 || total
---------------------------+-------+-------+-------+-------++-------
  Melee: Falchion          |    70 |   125 |       |       ||   195
         Punch             |     1 |     3 |     4 |     2 ||    10
         Spear             |       |   103 |   234 |    44 ||   381
         Headbutt          |       |    19 |    68 |     5 ||    92
         Scimitar          |       |       |    80 |       ||    80
   Cast: Call Imp          |       |       |    24 |     1 ||    25
         Gell's Gravitas   |       |       |    21 |     9 ||    30
         Ensorcelled Hiber |       |       |    11 |     3 ||    14
  Evoke: Wand              |       |       |     2 |       ||     2
    Use: Scroll            |       |     1 |       |       ||     1
         Potion            |       |       |     1 |     1 ||     2
   Stab: Petrifying        |     1 |       |       |       ||     1
         Paralysed         |       |     1 |     5 |       ||     6
         Sleeping          |       |       |     3 |     1 ||     4
 Armour: Leather armour    |    51 |   123 |   247 |    36 ||   457
  Dodge: Dodged            |    68 |   157 |   225 |    24 ||   474
  Block: Other             |       |       |    77 |     7 ||    84
         Reflection        |       |       |     3 |       ||     3

Table legend: (Time is in decaauts)
 A = Elapsed time spent in this place.
 B = Non-inter-level travel time spent in this place.
 C = Inter-level travel time spent in this place.
 D = Time resting spent in this place.
 E = Time spent auto-exploring this place.
 F = Levels seen in this place.
 G = Mean time per level.
                   A        B        C        D        E       F      G
               +--------+--------+--------+--------+--------+-----+--------+
         Total |  10958 |  10766 |    192 |   1848 |   7014 |  10 | 1095.8 |
       Dungeon |  10346 |  10154 |    192 |   1283 |   7014 |   9 | 1149.6 |
        Temple |    611 |    611 |      0 |    565 |      0 |   1 |  611.0 |
               +--------+--------+--------+--------+--------+-----+--------+

Top non-repeatable levels by time:
     D:7: 1898 daAuts
     D:6: 1714 daAuts
     D:4: 1479 daAuts
     D:8: 1319 daAuts
     D:3: 1193 daAuts
     D:2: 1018 daAuts
     D:5: 705 daAuts
     D:1: 674 daAuts
  Temple: 611 daAuts
     D:9: 341 daAuts
